 Dungeon Crawl Stone Soup version 0.23.2-1-ga50397a6bc (webtiles) character file.

Game seed: 14054481565944245059

11 2BsUSBport the Firebug (level 2, 19/19 HPs)
             Began as a Demonspawn Fire Elementalist on May 16, 2019.
             Quit the game on level 1 of the Dungeon on May 20, 2019.
             The game lasted 00:07:00 (1043 turns).

2BsUSBport the Firebug (DsFE)                       Turns: 1043, Time: 00:07:01

Health: 19/19      AC:  2    Str:  8    XL:     2   Next: 13%
Magic:  5/5        EV: 12    Int: 16    God:
Gold:   50         SH:  0    Dex: 13    Spells: 4/5 levels left

rFire    . . .     SeeInvis .   d - -1 hand axe (curse)
rCold    . . .     Gourm    .   (no shield)
rNeg     . . .     Faith    .   a - +0 robe
rPois    .         Spirit   .   (no helmet)
rElec    .         Reflect  .   (no cloak)
rCorr    .         Harm     .   (no gloves)
MR       .....                  (no boots)
Stlth    ++........             (no amulet)
HPRegen  0.06/turn              (no ring)
MPRegen  0.09/turn              (no ring)

@: no status effects
A: demonic guardian 1
a: no special abilities


You were on level 1 of the Dungeon.
You were not hungry.

You visited 1 branch of the dungeon, and saw 1 of its levels.

You collected 50 gold pieces.

Inventory:

Hand Weapons
 d - a cursed -1 hand axe (weapon)
Armour
 a - a +0 robe (worn)
Potions
 b - a potion of lignification
Comestibles
 c - a ration


   Skills:
 + Level 0.2 Axes
 + Level 1.7 Dodging
 + Level 1.8 Stealth
 + Level 2.1 Spellcasting
 + Level 1.0 Conjurations
 + Level 3.1 Fire Magic


You had 4 spell levels left.
You knew the following spells:

 Your Spells              Type           Power        Failure   Level  Hunger
a - Flame Tongue          Conj/Fire      #....        9%          1    #......

Your spell library contained the following spells:

 Spells                   Type           Power        Failure   Level  Hunger
 Throw Flame              Conj/Fire      #.....       13%         2    ###....
 Conjure Flame            Conj/Fire      #.......     26%         3    ###....
 Inner Flame              Hex/Fire       #.......     32%         3    ###....
 Sticky Flame             Conj/Fire      #.......     65%         4    #####..
 Fireball                 Conj/Fire      #.........   94%         5    ######.


Dungeon Overview and Level Annotations

Branches:
Dungeon (1/15)

Altars:


Innate Abilities, Weirdness & Mutations

A weak demonic guardian rushes to your aid.


Message History

Your +0 robe melds into your body.
Your roots penetrate the ground.
It was a potion of flight.
Your roots keep you in place.
You start waiting.
Your transformation is almost over.
You start waiting.
You feel less wooden.
Your +0 robe unmelds from your body.
You now have 43 gold pieces (gained 11).
You now have 50 gold pieces (gained 7).
You are feeling hungry.
You eat one of the 2 rations.
That ration really hit the spot!
Things that are here:
a +0 dagger; a goblin corpse You open the door.
Found 23 arrows.
There is an open door here.
You open the door.
A goblin comes into view. It is wielding a +0 dagger of speed.
A goblin is nearby!
Are you sure you want to abandon this character and quit the game? (Confirm with "yes".)

.#### .# #.##.≈≈≈ .######.# #
...#### #.#≈..≈≈ ........#.#
......# #.#≈..≈. ........#.###
.g....# #.#≈≈.≈≈ ............
......# #.#≈≈..≈
#.......#(#######..... #.#≈≈...
#.........#.....#... #.#≈≈≈..
##........#.###.#'########.#≈≈≈≈.
#.....)..#.# #.@.......(#.#≈≈≈≈.
............###..........#.#≈≈≈≈≈
.#............#..........#.#
.#............#.#'########.######
######.......###.########.......
#.................#########
#....##....)......#
#....##...........#
+....##...........#####


You could see a goblin (sleeping).

Vanquished Creatures
  A bat (D:1)
  A giant cockroach (D:1)
  4 goblins (D:1)
  A hobgoblin (D:1)
  2 rats (D:1)
9 creatures vanquished.

Notes
Turn   | Place    | Note
-------+----------+-------------------------------------------
     0 | D:1      | 2BsUSBport the Demonspawn Fire Elementalist began the quest
                  | for the Orb.
     0 | D:1      | Reached XP level 1. HP: 13/13 MP: 3/3
   804 | D:1      | Reached skill level 3 in Fire Magic
   892 | D:1      | Gained mutation: A weak demonic guardian rushes to your
                  | aid. [demonic ancestry]
   892 | D:1      | Reached XP level 2. HP: 19/19 MP: 3/5
  1043 | D:1      | Quit the game

Skill      XL: |  1 |
---------------+----+-----
Fire Magic     | 3 |  3.1
Axes           | |  0.2
Dodging        | |  1.7
Stealth        | |  1.8
Spellcasting   | |  2.1
Conjurations   | |  1.0

Action                   || total
-------------------------++-------
Melee: Hand axe          ||     5
 Cast: Flame Tongue      ||    16
  Use: Scroll            ||     2
       Potion            ||     2
  Eat: Ration            ||     1
Armor: Robe              ||     2
Dodge: Dodged            ||     3
